 Dungeon Crawl Stone Soup version 0.25.1-2-g60ff931df9 (webtiles) character file.

Game seed: 11565358091654517595

87 Divind the Chopper (level 4, 0/41 HPs)
             Began as a Hill Orc Monk on Sept 18, 2020.
             Slain by an orc wizard
             ... wielding a +0 dagger
              (2 damage)
             ... on level 3 of the Dungeon.
             The game lasted 00:05:04 (2348 turns).

Divind the Chopper (Hill Orc Monk)                  Turns: 2348, Time: 00:05:05

Health: 0/41       AC:  3    Str: 14    XL:     4   Next: 51%
Magic:  4/4        EV: 13    Int: 10    God:
Gold:   65         SH:  0    Dex: 13    Spells: 3/3 levels left

rFire    . . .     SeeInvis .   a - +0 hand axe
rCold    . . .     Gourm    .   (no shield)
rNeg     . . .     Faith    .   b - +0 robe
rPois    .         Spirit   .   (no helmet)
rElec    .         Reflect  .   f - +0 cloak
rCorr    .         Harm     .   (no gloves)
MR       .....                  (no boots)
Stlth    +.........             (no amulet)
HPRegen  0.13/turn              (no ring)
MPRegen  0.09/turn              (no ring)

@: confused
A: no striking features
a: no special abilities


You were on level 3 of the Dungeon.
You were not hungry.

You visited 1 branch of the dungeon, and saw 3 of its levels.

You collected 65 gold pieces.

Inventory:

Hand Weapons
 a - a +0 hand axe (weapon)
Armour
 b - a +0 robe (worn)
 f - a +0 cloak (worn)
 m - a +0 kite shield
Scrolls
 d - 2 scrolls of magic mapping {unknown}
 e - a scroll of noise {unknown}
 i - a scroll of fear {unknown}
 j - a scroll of remove curse {unknown}
 l - a scroll of identify
Potions
 g - a potion of haste
 h - a potion of might
Comestibles
 c - 2 rations
 k - a chunk of flesh


   Skills:
 + Level 4.3 Fighting
 + Level 5.2 Axes
 * Level 1.4 Armour
 + Level 2.9 Dodging
 - Level 1.5 Stealth


You had 3 spell levels left.
You didn't know any spells.
Your spell library was empty.

Dungeon Overview and Level Annotations

Branches:
Dungeon (3/15)

Altars:


Message History

You hear some strange, mumbled words.
Something tries to affect you, but you resist.
You bump into the rock wall.
You hear some strange, mumbled words.
A puff of flame appears from out of thin air!
The puff of flame misses you.
You bump into the rock wall.
You hear some strange, mumbled words.
You are more confused.
You miss something. Something hits you.
* * * LOW HITPOINT WARNING * * *
You're too confused to move!
Something barely misses you.
You bump into the rock wall.
Something hits you but does no damage.
You closely miss something.
You hear some strange, mumbled words.
A magic dart appears from out of thin air!
The magic dart hits you.
* * * LOW HITPOINT WARNING * * *
You bump into the rock wall.
Something hits you.
You die...

##..#...#..##..#
#..............
#..#......##..#
###..##.#........
(..?.##.#.......
##..........##.#
##..##.....##.#
#..##..†).##.# .#
.........#.##@#...##
###.......[...........
####..#.#>#.#######.
#..#)#.#.# #..#......
..........# ##.
.....^.# .#..(...#
..#......#


There were no monsters in sight!

Vanquished Creatures
  4 adders (D:2)
  2 worms (D:2)
  3 leopard geckos
  3 orcs (D:3)
  3 ball pythons
  A giant cockroach (D:1)
  A goblin (D:1)
  6 hobgoblins
  7 bats (D:2)
  3 frilled lizards
  4 kobolds
  5 rats
42 creatures vanquished.

Notes
Turn   | Place    | Note
-------+----------+-------------------------------------------
     0 | D:1      | Divind the Hill Orc Monk began the quest for the Orb.
     0 | D:1      | Reached XP level 1. HP: 19/19 MP: 1/1
   194 | D:1      | Reached XP level 2. HP: 23/27 MP: 2/2
   754 | D:2      | Reached XP level 3. HP: 14/33 MP: 3/3
   997 | D:2      | Reached skill level 1 in Armour
  1172 | D:2      | HP: 1/33 [adder (4)]
  1609 | D:2      | Reached XP level 4. HP: 40/40 MP: 4/4
  1684 | D:2      | Reached skill level 5 in Axes
  2346 | D:3      | HP: 1/41 [something/magic dart (5)]
  2348 | D:3      | Slain by an orc wizard

Illustrated notes

Levels and vault maps discovered:
D:1:      lightli_arrival_farm, layout_basic, kennysheep_decorative_pillar
D:2:      layout_rooms, first_ration
D:3:      layout_loops_ring

Skill      XL: |  1  2  3  4 |
---------------+-------------+-----
Fighting       | 4 |  4.3
Armour         | 1 |  1.4
Axes           | 5 |  5.2
Dodging        | |  2.9
Stealth        | |  1.5

Action                   |  1- 3 |  4- 6 || total
-------------------------+-------+-------++-------
Melee: Hand axe          |    97 |    77 ||   174
  Use: Scroll            |     3 |       ||     3
       Potion            |     1 |       ||     1
 Stab: Sleeping          |     2 |     1 ||     3
  Eat: Ration            |     1 |       ||     1
       Chunk             |       |     1 ||     1
Armor: Robe              |    10 |    17 ||    27
Dodge: Dodged            |    60 |    38 ||    98
